 Dungeon Crawl Stone Soup version 0.20-a0-465-g6513c8f (webtiles) character file.

65 Kurtz the Skirmisher (level 4, -4/42 HPs)
             Began as a Ghoul Wanderer on Jan 12, 2017.
             Slain by a worm (6 damage)
             ... on level 2 of the Dungeon.
             The game lasted 00:02:34 (1556 turns).

Kurtz the Skirmisher (Ghoul Wanderer)               Turns: 1556, Time: 00:02:35

Health: -4/42      AC:  6    Str: 14    XL:     4   Next: 14%
Magic:  3/3        EV:  9    Int:  6    God:
Gold:   62         SH:  0    Dex: 11    Spells: 3/3 levels left

rFire  . . .     SeeInvis .     a - +2 mace
rCold  + . .     Gourm    .     n - +0 scale mail
rNeg   + + +     Faith    .     (no shield)
rPois  ∞         Spirit   .     (no helmet)
rElec  .         Reflect  .     (no cloak)
rCorr  .         Harm     .     (no gloves)
MR     .....     Rnd*Tele +     (no boots)
Stlth  ..........               (no amulet)
                                (no ring)
                                k - ring of teleportation (curse)

@: rotting
A: rotting body, claws 1, carnivore 3, cold resistance 1, negative energy
resistance 3, slow regeneration 1, torment resistance, unbreathing
a: no special abilities


You were on level 2 of the Dungeon.
You were not hungry.

You visited 1 branch of the dungeon, and saw 2 of its levels.

You collected 62 gold pieces.

Inventory:

Hand Weapons
 a - a +2 mace (weapon)
Armour
 c - a +0 robe
 f - a +0 leather armour
 n - a +0 scale mail (worn)
Jewellery
 k - a cursed ring of teleportation (left claw)
Wands
 r - a wand of disintegration (9/24)
Scrolls
 e - a scroll of recharging {unknown}
 g - a scroll of enchant armour {unknown}
 h - 2 scrolls of random uselessness {unknown}
 i - 2 scrolls of identify {unknown}
 m - a scroll of enchant weapon {unknown}
 q - a scroll of noise {unknown}
Potions
 b - 2 potions of curing
 j - 2 potions of flight {unknown}
 o - a potion of degeneration {unknown}
Comestibles
 d - 2 meat rations
 l - 2 chunks of flesh
 p - a beef jerky


   Skills:
 - Level 5.4 Fighting
 * Level 3.5 Maces & Flails
 - Level 1.7 Armour
   Level 1.7 Shields


You had 3 spell levels left.
You didn't know any spells.

Dungeon Overview and Level Annotations

Branches:
Dungeon (2/15)

Altars:


Innate Abilities, Weirdness & Mutations

Your body is rotting away.
You thrive on raw meat.
You are immune to poison.
You have sharp fingernails.
You are carnivorous and can eat meat at any time.
Your flesh is cold resistant. (rC+)
You are immune to negative energy. (rN+++)
You regenerate slowly when monsters are visible.
You are immune to unholy pain and torment.
You can survive without breathing.


Message History

The worm barely misses you.
You barely miss the worm.
The worm is moderately wounded.
The worm bites you!
* * * LOW HITPOINT WARNING * * *
You sock the worm!
The worm is severely wounded.
The worm bites you!
* * * LOW HITPOINT WARNING * * *
Eat one of 3 chunks of flesh? (ye/n/q)
You eat one of the 3 chunks of flesh.
This raw flesh tastes great!
You hit the worm.
The worm is almost dead.
The worm bites you.
* * * LOW HITPOINT WARNING * * *
You barely miss the worm.
The worm is almost dead.
The worm bites you.
You die...

#.#####...#.# #...<... #.#
##.##.# #####... #.# #.#..#
#### #.# ###..#.## ##### #.#
#....##.#####...#
######.####..).#..........##
#.............#.##..........
#...........w###.#.......w..
#..###.###.@<.#.##..<###.###
#..# #...............# #...#
##.# #####.>########## #####
#.# #.## #.# ### #.#
♣♣♣♣♣♣♣♣♣♣♣ #.#
♣♣.♣♣......♣♣ #.#####
♣♣♣♣♣♣♣(♣...♣♣♣...♣
#....>#♣♣......♣♣♣♣♣♣ ♣...♣


You could see a worm.

Vanquished Creatures
  3 adders
  A worm (D:2)
  A dart slug (D:1)
  4 giant cockroaches
  3 goblins
  5 hobgoblins
  3 kobolds
  A ball python (D:1)
  5 bats
  3 frilled lizards
  6 rats
35 creatures vanquished.

Notes
Turn   | Place    | Note
-------+----------+-------------------------------------------
     0 | D:1      | Kurtz the Ghoul Wanderer began the quest for the Orb.
     0 | D:1      | Kurtz set off with: a +2 mace, 2 potions of curing, a +0 robe, a meat ration
     0 | D:1      | Reached XP level 1. HP: 23/23 MP: 0/0
   125 | D:1      | Reached XP level 2. HP: 21/29 MP: 1/1
   742 | D:2      | HP: 1/29 [worm (7)]
  1083 | D:1      | Reached XP level 3. HP: 36/36 MP: 2/2
  1477 | D:2      | Reached XP level 4. HP: 29/42 MP: 3/3
  1555 | D:2      | HP: 2/42 [worm (5)]
  1556 | D:2      | Slain by a worm

Vault maps used:
D:1:      sevenhm_arrival_forest_fort_small_4, patterned_corridor
D:2:      kb_forest_paths, lemuel_doored_altar

Skill      XL: |  1  2  3 |
---------------+----------+-----
Maces & Flails | 2 3 |  3.5
Fighting       | |  5.4
Armour         | |  1.7
Shields        | |  1.7

Action                   |  1- 3 |  4- 6 || total
-------------------------+-------+-------++-------
Melee: Mace              |   118 |    14 ||   132
  Use: Potion            |     1 |       ||     1
 Stab: Sleeping          |     1 |       ||     1
  Eat: Chunk             |     1 |     5 ||     6
Armor: Robe              |     6 |       ||     6
       Scale mail        |    30 |       ||    30
       Leather armour    |    12 |       ||    12
Dodge: Dodged            |    71 |     3 ||    74
